 Dungeon Crawl Stone Soup version 0.28.0-53-g5a82cb258f (webtiles) character file.

Game seed: 1120165069962098500

2752 hawla the Arsonist (level 9, -12/48 HPs)
             Began as a Deep Elf Fire Elementalist on May 28, 2022.
             Was an Initiate of Vehumet.
             Mangled by Harold
             ... wielding a +0 dire flail
              (23 damage)
             ... on level 7 of the Dungeon.
             The game lasted 00:21:30 (8655 turns).

hawla the Arsonist (Deep Elf Fire Elementalist)     Turns: 8655, Time: 00:21:31

Health: -12/48     AC:  6    Str:  8    XL:     9   Next: 41%
Magic:  9/22       EV: 15    Int: 24    God:    Vehumet [......]
Gold:   333        SH:  5    Dex: 23    Spells: 16/23 levels left

rFire   + . .      SeeInvis +   q - staff of fire
rCold   + . .      Faith    .   a - +0 buckler
rNeg    . . .      Spirit   .   r - +0 robe of Gehenna {rC+ Dex+7}
rPois   .          Reflect  .   (no helmet)
rElec   .          Harm     .   i - +0 cloak
rCorr   .          Rampage  .   s - +0 pair of gloves
Will    .....                   z - +0 pair of boots
Stlth   +++.......              d - amulet of magic regeneration
HPRegen 0.16/turn               c - ring of flight
MPRegen 0.58/turn               x - ring of the Octopus King {AC+1 EV+1 Str+1 Int+1 Dex+1 SInv}

@: marked, flying
A: no striking features
a: Renounce Religion


You were on level 7 of the Dungeon.
You worshipped Vehumet.
Vehumet was noncommittal.
You visited 2 branches of the dungeon, and saw 8 of its levels.

You collected 333 gold pieces.

Inventory:

Hand Weapons
 k - a +2 dagger of venom
Missiles
 j - 12 poisoned darts
 l - 7 boomerangs (quivered)
 A - a curare-tipped dart
Armour
 a - a +0 buckler (worn)
 i - a +0 cloak (worn)
 r - the +0 robe of Gehenna (worn) {rC+ Dex+7}
   (You found it on level 4 of the Dungeon)

   Dex:       It affects your dexterity (+7).
   rC:        It protects you from cold.
 s - a +0 pair of gloves (worn)
 z - a +0 pair of boots (worn)
Magical Staves
 q - a staff of fire (weapon)
Jewellery
 c - a ring of flight (left hand)
 d - an amulet of magic regeneration (around neck)
 x - a ring of the Octopus King (right hand) {AC+1 EV+1 Str+1 Int+1 Dex+1 SInv}
   (You found it on level 5 of the Dungeon)

   [ring of see invisible]

   AC:        It affects your AC (+1).
   EV:        It affects your evasion (+1).
   Str:       It affects your strength (+1).
   Int:       It affects your intelligence (+1).
   Dex:       It affects your dexterity (+1).
   SInv:      It lets you see invisible.
Wands
 f - a wand of flame (2)
 p - a wand of polymorph (5)
 w - a wand of iceblast (3)
Scrolls
 b - a scroll of amnesia
 h - a scroll of identify
 o - 2 scrolls of teleportation
 u - a scroll of enchant armour
 y - a scroll of magic mapping
Potions
 e - a potion of haste
 g - 2 potions of curing
 m - a potion of lignification
 n - 2 potions of brilliance


   Skills:
 + Level 2.2 Fighting
 + Level 0.3 Short Blades
 + Level 2.2 Staves
 + Level 4.2 Dodging
 + Level 3.7 Stealth
 + Level 1.3 Shields
 + Level 7.9 Spellcasting
 + Level 4.9 Conjurations
 + Level 10.4 Fire Magic


You had 16 spell levels left.
You knew the following spells:

 Your Spells              Type           Power      Damage    Failure   Level
a - Foxfire               Conj/Fire      100%       2x1d9     1%          1
b - Scorch                Fire           100%       2d10      1%          2
c - Flame Wave            Conj/Fire      62%        2d12      3%          4

Your spell library contained the following spells:

 Spells                   Type           Power      Damage    Failure   Level
 Conjure Flame            Conj/Fire      62%        6-21      1%          3
 Inner Flame              Hex/Fire       51%        N/A       3%          3
 Corpse Rot               Necr/Air       18%        N/A       13%         2
 Call Canine Familiar     Summ           9%         N/A       26%         3
 Portal Projectile        Hex/Tloc       18%        N/A       26%         3
 Dispel Undead            Necr           9%         3d8       65%         4
 Leda's Liquefaction      Hex/Erth       4%         N/A       65%         4
 Death Channel            Necr           4%         N/A       100%        6


Dungeon Overview and Level Annotations

Branches:
Dungeon (7/15)             Temple (1/1) D:6

Altars:
Ashenzari
Cheibriados
Dithmenos
Gozag
Makhleb
Nemelex Xobeh
Qazlal
Ru
Sif Muna
Trog
Uskayaw
Vehumet
Wu Jian
Xom
Yredelemnul
The Shining One

Annotations:
D:7 Harold


Message History

Harold barely misses you.
A wave of flame ripples out!
The flame wave engulfs Harold!
Harold is moderately wounded.
You finish channelling waves of flame.
Harold completely misses you.
Casting: Flame Wave (dangerous; 3% risk of failure)
Confirm with . or Enter, or press ? or * to list all spells.
You feel a surge of power!
Flames lash Harold.
Harold is heavily wounded.
Harold's fire resistance burns away.
Harold drinks a potion.
Harold is healed!
Casting: Scorch (safe; 1% risk of failure)
Confirm with . or Enter, or press ? or * to list all spells.
You feel a surge of power!
Flames lash Harold.
Harold is burned terribly!
Harold is moderately wounded.
Harold hits you with a +0 dire flail!
Casting: Scorch (safe; 1% risk of failure)
Confirm with . or Enter, or press ? or * to list all spells.
Casting: Flame Wave (dangerous; 3% risk of failure)
Press: ? - help, Dir - look around, f - activate You feel a surge of power!
A wave of flame ripples out!
The flame wave engulfs Harold!
Harold is burned terribly!
Harold is moderately wounded. (Press . to intensify the flame waves.)
You block Harold's attack.
A wave of flame ripples out!
The flame wave engulfs Harold!
Harold is burned terribly!
Harold is heavily wounded.
Harold casts a spell at you. A sentinel's mark forms upon you.
A wave of flame ripples out!
The flame wave engulfs Harold!
Harold is burned terribly!
Harold is severely wounded.
You finish channelling waves of flame.
You block Harold's attack.
Casting: Flame Wave (dangerous; 3% risk of failure)
Confirm with . or Enter, or press ? or * to list all spells.
You feel a surge of power!
Flames lash Harold but do no damage.
Harold hits you with a +0 dire flail!
* * * LOW HITPOINT WARNING * * *
Unknown command.
You feel better. Harold hits you with a +0 dire flail!!
You die...

#........# ##
#........#
.....# #.
###......#
.....# #.
#.....(# .....#
##. #......#
.....# #..
#......# .....#
#.. #..(...#
(....# #..
#......##.....#
##..
#.....).@@....#
#...
#......###.##.#
#... ##+##.##
.. ####... #.
..# #...... #.
.# #.##... .. #
.. #... ..
..##...
........
........


You could see Harold (combustible).

Vanquished Creatures
  Sigmund (D:2)
  Eustachio (D:5)
  Edmund (D:5)
  A water moccasin (D:7)
  Duvessa (D:6)
  An orc warrior (D:4)
  2 sky beasts (D:6)
  2 black bears
  2 necrophages
  An ogre (D:5)
  3 centaurs
  A phantom (D:4)
  A kobold brigand (D:6)
  A wyvern zombie (D:4)
  A gnoll sergeant (D:6)
  A scorpion (D:5)
  A water moccasin zombie (D:3)
  A wyvern skeleton (D:7)
  Dowan (D:6)
  3 water moccasin skeletons
  A bullfrog zombie (D:6)
  A hound (D:6)
  2 orc priests
  2 iguanas
  Ijyb (D:5)
  3 orc wizards
  A killer bee zombie (D:7)
  2 howler monkey zombies (D:5)
  3 gnolls (D:6)
  2 howler monkey skeletons (D:5)
  4 adders
  2 ufetubi
  2 worms
  2 dart slugs (D:1)
  23 orcs
  7 ball pythons
  9 endoplasms
  4 giant cockroaches
  4 goblins
  5 hobgoblins
  15 jackals
  9 kobolds
  6 quokkas
  5 bats
  3 frilled lizards
  6 rats
151 creatures vanquished.

Vanquished Creatures (others)
  229 foxfires
229 creatures vanquished.

Grand Total: 380 creatures vanquished

Notes
Turn   | Place    | Note
-------+----------+-------------------------------------------
     0 | D:1      | hawla the Deep Elf Fire Elementalist began the quest for
                  | the Orb.
     0 | D:1      | Reached XP level 1. HP: 10/10 MP: 6/6
   306 | D:1      | Reached XP level 2. HP: 16/16 MP: 0/8
   309 | D:1      | Learned a level 2 spell: Scorch
  1326 | D:1      | Found a faded altar of an unknown god.
  1559 | D:2      | Reached XP level 3. HP: 14/20 MP: 7/10
  1741 | D:2      | Reached skill level 4 in Fire Magic
  2010 | D:2      | Reached skill level 1 in Fighting
  2317 | D:2      | Reached XP level 4. HP: 25/25 MP: 7/12
  2322 | D:2      | Learned a level 4 spell: Flame Wave
  2590 | D:2      | Noticed Sigmund
  2615 | D:2      | Killed Sigmund
  2616 | D:2      | Reached skill level 5 in Fire Magic
  2616 | D:2      | Reached XP level 5. HP: 7/29 MP: 7/13
  3013 | D:2      | Reached XP level 6. HP: 28/34 MP: 8/14
  3081 | D:3      | Reached skill level 6 in Fire Magic
  3948 | D:3      | Found a sparkling altar of Nemelex Xobeh.
  4082 | D:4      | Noticed an orc warrior
  4096 | D:4      | Killed an orc warrior
  4097 | D:4      | Reached skill level 7 in Fire Magic
  4097 | D:4      | Reached XP level 7. HP: 32/38 MP: 5/15
  4518 | D:4      | Reached skill level 8 in Fire Magic
  5544 | D:4      | Identified the +0 robe of Gehenna {rC+ Dex+7}
  5582 | D:5      | Entered Level 5 of the Dungeon
  5867 | D:5      | Reached skill level 9 in Fire Magic
  5867 | D:5      | Reached XP level 8. HP: 25/43 MP: 6/16
  5870 | D:5      | Noticed Edmund
  6085 | D:5      | Killed Edmund
  6339 | D:5      | Reached skill level 5 in Spellcasting
  6499 | D:5      | Noticed Ijyb
  6500 | D:5      | Found the ring of the Octopus King
  6503 | D:5      | Killed Ijyb
  6512 | D:5      | Identified a ring of the Octopus King {AC+1 EV+1 Str+1
                  | Int+1 Dex+1 SInv}
  6541 | D:5      | Noticed Eustachio
  6806 | D:5      | Killed Eustachio
  7285 | D:6      | Noticed Duvessa
  7285 | D:6      | Noticed Dowan
  7293 | D:6      | Killed Duvessa
  7294 | D:6      | Reached skill level 1 in Staves
  7294 | D:6      | Reached skill level 10 in Fire Magic
  7307 | D:6      | Killed Dowan
  7308 | D:6      | Reached skill level 1 in Shields
  7694 | D:6      | Reached XP level 9. HP: 46/48 MP: 15/21
  7730 | D:6      | Found a staircase to the Ecumenical Temple.
  7779 | Temple   | Entered the Ecumenical Temple
  7999 | Temple   | Became a worshipper of Vehumet
  8643 | D:7      | Noticed Harold
  8654 | D:7      | HP: 1/48 [Harold/+0 dire flail (17)]
  8655 | D:7      | Mangled by Harold

Illustrated notes

Levels and vault maps discovered:
D:1:      dpeg_arrival_ternary, layout_basic, ebering_ecumenical_altar_abandoned
D:2:      cheibrodos_old_hovel, layout_basic, serial_rivers,
          chequers_serial_rivers_micro_a, chequers_serial_rivers_small_b,
          chequers_serial_rivers_small_a, chequers_serial_rivers_room_a,
          uniq_sigmund
D:3:      layout_loops_ring, nemelex_dance_club_becter, minivault_19,
          chequers_decorated_corner, kennysheep_boxes
D:4:      layout_basic, st_stairs_3
D:5:      layout_basic, uniq_ijyb, uniq_eustachio, uniq_edmund
D:6:      layout_basic, minmay_temple_entry_enclosed_plants, uniq_duvessa
D:7:      layout_basic, uniq_harold
Temple:   regret_index_temple_generic_petals

Skill      XL: |  1  2  3  4  5  6  7  8  9 |
---------------+----------------------------+-----
Fire Magic     | 4 5 7 9 10 | 10.4
Fighting       | 1 2 |  2.2
Spellcasting   | 4 6 7 |  7.9
Conjurations   | 2 3 4 |  4.9
Dodging        | 3 4 |  4.2
Stealth        | 3 |  3.7
Staves         | 1 2 |  2.2
Shields        | 1 |  1.3
Short Blades   | |  0.3

Action                   |  1- 3 |  4- 6 |  7- 9 || total
-------------------------+-------+-------+-------++-------
Melee: Unarmed           |    12 |    10 |       ||    22
       Dagger            |       |       |    37 ||    37
       Staff             |       |       |    45 ||    45
 Cast: Foxfire           |    48 |    41 |    47 ||   136
       Scorch            |    22 |    30 |    45 ||    97
       Flame Wave        |       |     2 |    17 ||    19
Evoke: Wand              |       |       |     1 ||     1
  Use: Scroll            |     4 |     3 |     6 ||    13
       Potion            |       |     1 |     1 ||     2
 Stab: Sleeping          |       |     2 |     3 ||     5
Armor: Robe              |    10 |     6 |    31 ||    47
Dodge: Dodged            |    33 |    14 |   107 ||   154
Block: Buckler           |       |     1 |    44 ||    45
